 Dungeon Crawl Stone Soup version 0.29.1-1-gd02db6906a (console) character file.

Game seed: 6096310539167048744

16 sentinel the Digger (level 2, 20/20 HPs)
             Began as a Meteoran Earth Elementalist on Sept 28, 2022.
             Quit the game on level 1 of the Dungeon.
             The game lasted 00:00:04 (108 turns).

sentinel the Digger (Meteoran Earth Elementalist)    Turns: 108, Time: 00:00:04

Health: 20/20      AC:  2    Str:  9    XL:     2   Next: 94%
Magic:  5/6        EV: 12    Int: 16    God:
Gold:   0          SH:  0    Dex: 14    Spells: 5/6 levels left

rFire   . . .      SeeInvis .   (no weapon)
rCold   . . .      Faith    .   (no shield)
rNeg    . . .      Spirit   .   a - +0 robe
rPois   .          Reflect  .   (no helmet)
rElec   .          Harm     .   (no cloak)
rCorr   .          Rampage  .   (no gloves)
Will    .....                   (no boots)
Stlth   +.........              (no amulet)
HPRegen 0.06/turn               (no ring)
MPRegen 0.10/turn               (no ring)

@: glowing
A: sense surroundings 1, otherworldly, glowing, explore regen
a: no special abilities


You were on level 1 of the Dungeon.
You visited 1 branch of the dungeon, and saw 1 of its levels.

Inventory:

Armour
 a - a +0 robe (worn)
Scrolls
 c - a scroll of silence {unknown}
 e - a scroll of enchant weapon {unknown}
Potions
 b - a potion of magic
 d - a potion of might {unknown}


   Skills:
 - Level 2.4 Dodging
 - Level 1.4 Stealth
 - Level 2.6 Spellcasting
 - Level 1.2 Transmutations
 + Level 4.6 Earth Magic


You had 5 spell levels left.
You knew the following spells:

 Your Spells              Type           Power      Damage    Failure   Level
a - Sandblast             Erth           34%        2d9       2%          1

Your spell library contained the following spells:

 Spells                   Type           Power      Damage    Failure   Level
 Passwall                 Tmut/Erth      9%         N/A       9%          2
 Stone Arrow              Conj/Erth      18%        3d8       22%         3
 Petrify                  Tmut/Erth      11%        N/A       50%         4


Dungeon Overview and Level Annotations

Branches:
Dungeon (1/15) Zot: 487

Altars:


Innate Abilities, Weirdness & Mutations

You passively map a small area around you.
You are easily found by Zot.
You glow in the dark.
You regain HP and MP as you explore.


Message History

But you're not safe!
Unknown command.
An endoplasm comes into view.
The blast of sand misses the gnoll.
The endoplasm quivers.
The blast of sand hits the gnoll but does no damage.
Unknown command.
The blast of sand hits the gnoll!
The gnoll is almost dead.
The gnoll hits you with a +0 whip.
Unknown command.
The blast of sand hits the gnoll!
You kill the gnoll!
The endoplasm closely misses you. The endoplasm freezes you.
You are frozen.
The endoplasm hits you.
Your Earth Magic skill increases to level 4!
You have reached level 2!
Unknown command.
The blast of sand hits the endoplasm!
You kill the endoplasm!
The endoplasm freezes you.
You are frozen.
Unknown command.
You hit the endoplasm but do no damage.
The endoplasm hits you but does no damage.
You barely miss the endoplasm. The endoplasm freezes you.
You are frozen.
You are out of magic!
Unknown command.
You are out of magic!
Unknown command.
You are out of magic!
Unknown command.
You hit the endoplasm.
The endoplasm is moderately wounded.
The endoplasm freezes you.
You are frozen.
You hit the endoplasm.
The endoplasm is heavily wounded.
The endoplasm hits you but does no damage.
The blast of sand hits the endoplasm!
You kill the endoplasm!
Unknown command.
You are out of magic!
Unknown command.
You are out of magic!
Unknown command.
You are out of magic!
Unknown command.
c - a scroll labelled ATOSUQU DIUD UGI Unknown command.
Found a club.
Unknown command.
d - a brown potion Unknown command.
Magic restored.
HP restored.
You open the door.
A bat and a ball python come into view.
The ball python hisses angrily.
The bat hits you but does no damage.
Unknown command.
But you're not safe!
Unknown command.
You closely miss the bat. The bat hits you but does no damage.
The blast of sand hits the bat.
The bat is moderately wounded.
The bat barely misses you.
The blast of sand hits the bat!
You kill the bat!
Unknown command.
The blast of sand hits the ball python!
You kill the ball python!
Unknown command.
You can't see any susceptible monsters within range! (Use Z to cast anyway.) Unknown command.
You can't see any susceptible monsters within range! (Use Z to cast anyway.) Unknown command.
No target in view!
No target in view!
You can't see any susceptible monsters within range! (Use Z to cast anyway.) Unknown command.
You can't see any susceptible monsters within range! (Use Z to cast anyway.) Unknown command.
You can't see any susceptible monsters within range! (Use Z to cast anyway.) Unknown command.
You can't see any susceptible monsters within range! (Use Z to cast anyway.) Unknown command.
No target in view!
No target in view!
You can't see any susceptible monsters within range! (Use Z to cast anyway.) Unknown command.
You can't see any susceptible monsters within range! (Use Z to cast anyway.) Unknown command.
You can't see any susceptible monsters within range! (Use Z to cast anyway.) Unknown command.
You can't see any susceptible monsters within range! (Use Z to cast anyway.) Unknown command.
There is an open door here.
You see here a ball python corpse.
e - a scroll labelled OGULEASHINI Unknown command.
You open the door.
A ball python comes into view.
The ball python hisses angrily.
There is an open door here.
Unknown command.
But you're not safe!
Unknown command.
But you're not safe!
Unknown command.
But you're not safe!
Unknown command.
The blast of sand hits the ball python!
You kill the ball python!
You can't see any susceptible monsters within range! (Use Z to cast anyway.) Unknown command.
You can't see any susceptible monsters within range! (Use Z to cast anyway.) Unknown command.
You can't see any susceptible monsters within range! (Use Z to cast anyway.) Unknown command.
You can't see any susceptible monsters within range! (Use Z to cast anyway.) Unknown command.
No target in view!
No target in view!
You can't see any susceptible monsters within range! (Use Z to cast anyway.) Unknown command.
You can't see any susceptible monsters within range! (Use Z to cast anyway.) Unknown command.
You can't see any susceptible monsters within range! (Use Z to cast anyway.) Unknown command.
You can't see any susceptible monsters within range! (Use Z to cast anyway.) Unknown command.
No target in view!
No target in view!
You can't see any susceptible monsters within range! (Use Z to cast anyway.) Unknown command.
You can't see any susceptible monsters within range! (Use Z to cast anyway.) Unknown command.
You can't see any susceptible monsters within range! (Use Z to cast anyway.) Unknown command.
You can't see any susceptible monsters within range! (Use Z to cast anyway.) Unknown command.
Unknown command.
Unknown command.
Unknown command.
Unknown command.
Are you sure you want to abandon this character and quit the game? (Confirm with "yes".)

* , * ##... * ..... *
* * #...# * ... ,,,
,###..., .†.* * ,
....,* * #.# * *
....,, #.####### ,
#... , #@....... #..#
,* ##'####### * #..# *
##...## ##..#
##.....## #.#.##
##.......##
####...##.#.........#*
#.........+.........+
##.##...####.........#
#...##### ##.......##
, *


There were no monsters in sight!

Vanquished Creatures
  A gnoll (D:1)
  A bat (D:1)
  2 endoplasms (D:1)
  2 ball pythons (D:1)
6 creatures vanquished.

Notes
Turn   | Place    | Note
-------+----------+-------------------------------------------
     0 | D:1      | sentinel the Meteoran Earth Elementalist began the quest
                  | for the Orb.
     0 | D:1      | Reached XP level 1. HP: 14/14 MP: 5/5
     8 | D:1      | Reached skill level 4 in Earth Magic
     8 | D:1      | Reached XP level 2. HP: 13/20 MP: 1/6
   108 | D:1      | Quit the game

Illustrated notes

Levels and vault maps discovered:
D:1:      eino_arrival_cavern_d, layout_loops_corners, minmay_pentomino_p4

Skill      XL: |  1 |
---------------+----+-----
Earth Magic    | 4 |  4.6
Dodging        | |  2.4
Stealth        | |  1.4
Spellcasting   | |  2.6
Transmutations | |  1.2

Action                   || total
-------------------------++-------
Melee: Unarmed           ||     5
 Cast: Sandblast         ||    10
Armor: Robe              ||     4
Dodge: Dodged            ||     2
